 Dungeon Crawl Stone Soup version 0.20-a0-939-g04f5055 (webtiles) character file.

2500 Leszczynek the Cleaver (level 9, -1/52 HPs)
             Began as a Tengu Wanderer on Mar 30, 2017.
             Was a Follower of Okawaru.
             Slain by an ogre
             ... wielding a +0 giant spiked club
              (20 damage)
             ... on level 7 of the Dungeon.
             The game lasted 00:30:05 (10777 turns).

Leszczynek the Cleaver (Tengu Wanderer)            Turns: 10777, Time: 00:30:06

Health: -1/52      AC:  7    Str: 16    XL:     9   Next: 53%
Magic:  0/10       EV: 10    Int: 15    God:    Okawaru [*.....]
Gold:   210        SH:  0    Dex: 11    Spells: 8/8 levels left

rFire    + . .     SeeInvis .   v - +2 broad axe
rCold    . . .     Gourm    .   (no shield)
rNeg     . . .     Faith    .   n - +1 scale mail {rF+}
rPois    +         Spirit   +   (helmet restricted)
rElec    .         Reflect  .   (no cloak)
rCorr    .         Harm     .   (no gloves)
MR       .....                  (boots unavailable)
Stlth    +.........             s - amulet of guardian spirit
Regen    0.2/turn               y - ring of poison resistance
MPRegen  0.2/turn               (no ring)

@: no status effects
A: beak, talons 3, able to fly 1
a: Fly, Heroism, Renounce Religion


You were on level 7 of the Dungeon.
You worshipped Okawaru.
Okawaru was aware of your devotion.
You were not hungry.

You visited 2 branches of the dungeon, and saw 8 of its levels.
You also visited: Sewer.

You collected 306 gold pieces.
You spent 96 gold pieces at shops.

Inventory:

Hand Weapons
 a - a +2 quarterstaff
 b - a +0 arbalest
 v - a +2 broad axe (weapon)
Missiles
 g - a throwing net
 l - 7 tomahawks
 p - 16 bolts
 u - 3 javelins (quivered)
Armour
 n - a +1 scale mail of fire resistance (worn)
 r - a +0 ring mail
 w - a +0 buckler
Jewellery
 s - an amulet of guardian spirit (around neck)
 y - a ring of poison resistance (left hand)
Wands
 h - a wand of flame (19/48)
 i - a wand of enslavement (24/24)
 B - a wand of iceblast (6/15)
Scrolls
 e - a scroll of blinking
 j - a scroll of identify {@r1}
 k - 3 scrolls of remove curse {@r2}
 o - a scroll of teleportation
 A - 2 scrolls of fog
Potions
 f - a potion of heal wounds {@q2}
 m - 4 potions of mutation {!q}
 q - 3 potions of resistance
 t - 2 potions of magic {unknown}
 x - 3 potions of brilliance
Comestibles
 c - 9 chunks of flesh
 d - 6 bread rations
 z - 2 meat rations


   Skills:
 - Level 4.0 Fighting
 - Level 10.4 Axes
 - Level 6.0 Staves
 - Level 3.5 Armour
 - Level 3.2 Dodging
 - Level 3.0 Stealth
 + Level 3.3 Shields
 - Level 1.0 Evocations


You had 8 spell levels left.
You didn't know any spells.

Dungeon Overview and Level Annotations

Branches:
Dungeon (7/15)             Temple (1/1) D:5

Altars:
Ashenzari
Cheibriados
Dithmenos
Fedhas
Gozag
Kikubaaqudgha
Makhleb
Nemelex Xobeh
Okawaru
Qazlal
Ru
Sif Muna
Trog
Uskayaw
Vehumet
Wu Jian
Xom
Yredelemnul
Zin
The Shining One

Shops:
D:4 *

Annotations:
D:6 bees
D:7 claquette's ghost, novice TrBe


Innate Abilities, Weirdness & Mutations

You have a beak for a mouth.
You have claws for feet.
You can fly.


Message History

a whip; an orc corpse Unknown command.
You hit the orc wizard but do no damage.
You claw the orc wizard.
The orc wizard is lightly wounded.
You barely miss the quokka zombie.
The orc wizard gestures at you while chanting.
The magic dart hits you! The quokka zombie barely misses you.
You slash the ogre! You peck the ogre, but do no damage.
The ogre is heavily wounded.
You barely miss the orc wizard. You hit the quokka zombie.
You feel like a meek peon again. The ogre barely misses you.
The orc wizard barely misses you.
You slash the ogre!
The ogre is almost dead.
You hit the orc wizard. You hit the orc. You slash the quokka zombie!
You destroy the quokka zombie!
The orc wizard hits you with a dagger.
The ogre hits you with a giant spiked club!!
You die...

............#.......
#.......###..o......
#o......####........
.##.###.. .....#####
#. ### #..#.# #
##..#.##
#...#..#####
#.#.o......#
#...@....#.. ####
#...oO...#
.....#...).......
...o.#........###
..............#
......#......[#
................
....>..<#########
......#..Z....#


You could see an ogre, an orc wizard and an orc.

Vanquished Creatures
  A hippogriff (D:6)
  Eustachio (D:4)
  Duvessa (D:7)
  4 orc warriors
  3 ogres
  A centaur (D:5)
  A bullfrog (D:6)
  Dowan (D:7)
  A scorpion (D:6)
  2 killer bees (D:6)
  A howler monkey (D:4)
  A bullfrog zombie (D:5)
  5 crimson imps
  A bullfrog skeleton (D:4)
  2 hounds
  A centaur skeleton (D:7)
  4 orc priests
  7 orc wizards
  An iguana (D:5)
  2 worker ants
  A hound zombie (D:7)
  4 gnolls
  8 adders
  2 shadow imps (D:6)
  An ooze (D:6)
  2 worms
  A dart slug (D:2)
  9 leopard geckos
  22 orcs
  7 ball pythons
  8 bats
  6 giant cockroaches
  9 goblins
  6 hobgoblins
  18 jackals
  4 kobolds
  4 quokkas
  10 frilled lizards
  3 quokka skeletons
  A quokka zombie (D:7)
  8 rats
175 creatures vanquished.

Vanquished Creatures (collateral kills)
  A gnoll sergeant (D:5)
  A gnoll (D:5)
2 creatures vanquished.

Vanquished Creatures (others)
  A gnoll (D:5)
1 creature vanquished.

Grand Total: 178 creatures vanquished

Notes
Turn   | Place    | Note
-------+----------+-------------------------------------------
     0 | D:1      | Leszczynek the Tengu Wanderer began the quest for the Orb.
     0 | D:1      | Leszczynek set off with: a +2 quarterstaff, a potion of curing {@q1}, a potion of lignification {!q}, a bread ration, a +0 dagger, a +0 robe
     0 | D:1      | Reached XP level 1. HP: 10/10 MP: 2/2
     0 | D:1      | 13/14/10 (5/6/1)
    82 | D:1      | Reached XP level 2. HP: 15/15 MP: 3/3
   181 | D:1      | Reached skill level 4 in Staves
   452 | D:1      | Reached XP level 3. HP: 14/19 MP: 4/4
  1325 | D:2      | Reached skill level 5 in Staves
  1610 | D:2      | Reached XP level 4. HP: 24/24 MP: 5/5
  2501 | D:3      | Reached skill level 6 in Staves
  2613 | D:3      | Gained mutation: You can fly. [Tengu growth]
  2613 | D:3      | Reached XP level 5. HP: 28/28 MP: 6/6
  2962 | D:3      | Reached skill level 1 in Fighting
  3130 | D:4      | Noticed Eustachio
  3446 | D:4      | Found Reihur's Assorted Antiques.
  3455 | D:4      | Bought a broad axe for 96 gold pieces
  3553 | D:4      | Reached skill level 2 in Fighting
  3569 | D:4      | Reached skill level 1 in Axes
  3805 | D:4      | Reached skill level 2 in Axes
  3806 | D:4      | THE FUCK
  3806 | D:4      | gnoll wielding a great mace of draining
  4077 | D:4      | Reached XP level 6. HP: 21/35 MP: 7/7
  4246 | D:5      | Entered Level 5 of the Dungeon
  4516 | D:4      | Killed Eustachio
  4516 | D:4      | Reached skill level 4 in Axes
  4940 | D:4      | Reached XP level 7. HP: 33/40 MP: 8/8
  5080 | D:3      | Reached skill level 5 in Axes
  6076 | D:5      | Got a shimmering trident
  6077 | D:5      | Identified the cursed +3 trident of Mutilation {drain, rN+} (You found it on level 5 of the Dungeon)
  6196 | D:5      | Reached skill level 6 in Axes
  6297 | D:5      | Reached skill level 7 in Axes
  6784 | D:5      | Reached XP level 8. HP: 25/44 MP: 9/9
  7029 | D:5      | Found a staircase to the Ecumenical Temple.
  7035 | Temple   | Entered the Ecumenical Temple
  7115 | Temple   | Became a worshipper of Warmaster Okawaru
  7282 | D:4      | Reached skill level 8 in Axes
  8137 | D:6      | Found a glowing drain.
  8156 | Sewer    | Entered a sewer
  8726 | D:6      | Reached skill level 9 in Axes
  9140 | D:6      | Reached skill level 1 in Armour
  9152 | D:6      | Reached * piety under Okawaru
  9294 | D:7      | there has to be a limit to this bullshit
  9298 | D:7      | Reached skill level 3 in Fighting
  9299 | D:7      | Reached skill level 2 in Armour
  9446 | D:7      | Reached XP level 9. HP: 51/51 MP: 10/10
  9462 | D:7      | Noticed Duvessa
  9501 | D:6      | Reached skill level 10 in Axes
  9501 | D:6      | Reached skill level 3 in Armour
  9652 | D:7      | Noticed claquette's ghost (novice TrBe)
 10156 | D:7      | Killed Duvessa
 10156 | D:7      | Reached skill level 4 in Fighting
 10399 | D:7      | Noticed Dowan
 10404 | D:7      | Killed Dowan
 10404 | D:7      | Reached skill level 1 in Shields
 10618 | D:6      | Reached skill level 2 in Shields
 10769 | D:7      | Reached skill level 3 in Shields
 10777 | D:7      | Slain by an ogre

Vault maps used:
D:1:      tarquinn_simple_flora_water_c
D:3:      first_bread, minmay_misc_feat_pillars, kennysheep_pointless_box,
          dk_vineyard_2, minmay_misc_feat_more_columns, serial_bayou_pond_a,
          minmay_stone_trees_small
D:4:      serial_shops, nicolae_shop_crystal, uniq_eustachio
D:5:      minmay_temple_entry_fiery
D:6:      old_standard_altar, portal_sewer_entry_b, kennysheep_generic_room_4
D:7:      uniq_duvessa
Temple:   compressed_dpeg_triangle_lava_temple
Sewer:    sewer_co_cracked_pipes

Skill      XL: |  1  2  3  4  5  6  7  8  9 |
---------------+----------------------------+-----
Staves         | 4 5 6 |  6.0
Fighting       | 2 3 4 |  4.0
Axes           | 2 4 7 9 10 | 10.4
Armour         | 2 3 |  3.5
Shields        | 3 |  3.3
Dodging        | |  3.2
Stealth        | |  3.0
Evocations     | |  1.0

Action                   |  1- 3 |  4- 6 |  7- 9 || total
-------------------------+-------+-------+-------++-------
Melee: Quarterstaff      |    93 |   135 |   123 ||   351
       Kick              |    13 |    26 |    67 ||   106
       Peck              |     4 |    16 |    33 ||    53
       Broad axe         |       |       |   152 ||   152
Throw: Javelin           |       |       |     4 ||     4
Invok: Heroism           |       |       |     5 ||     5
 Abil: Fly               |       |     2 |     1 ||     3
Evoke: Wand              |       |       |     2 ||     2
  Use: Scroll            |       |     2 |    14 ||    16
       Potion            |       |     3 |     6 ||     9
 Stab: Sleeping          |     7 |     9 |       ||    16
  Eat: Chunk             |     2 |     8 |    12 ||    22
       Fruit             |       |     2 |     2 ||     4
       Royal jelly       |       |       |     3 ||     3
Armor: Robe              |    19 |     2 |       ||    21
       Ring mail         |       |    57 |    26 ||    83
       Skin              |       |       |    86 ||    86
       Scale mail        |       |       |    83 ||    83
Dodge: Dodged            |    47 |   126 |   165 ||   338
